 Dungeon Crawl Stone Soup version 0.18.1-5-g4a78601 (webtiles) character file.

186 stepppan the Skirmisher (level 5, -5/43 HPs)
             Began as a Demonspawn Abyssal Knight on May 14, 2016.
             Was a Believer of Lugonu.
             Slain by an ogre
             ... wielding a +0 giant club
              (6 damage)
             ... on level 4 of the Dungeon.
             The game lasted 00:13:12 (3296 turns).

stepppan the Skirmisher (Demonspawn Abyssal Knight) Turns: 3296, Time: 00:13:13

Health: -5/43      AC:  9    Str: 13    XL:     5   Next: 38%
Magic:  0/6        EV:  6    Int: 13    God:    Lugonu [**....]
Gold:   177        SH:  0    Dex: 13    Spells: 0 memorised, 4 levels left

rFire  . . .     SeeInvis .     a - +1 mace
rCold  . . .     Gourm    +     s - +0 chain mail
rNeg   . . .     Faith    .     (no shield)
rPois  .         Spirit   +     (no helmet)
rElec  .         Dismiss  .     (no cloak)
rCorr  .         Reflect  .     (no gloves)
SustAt .         Harm     .     (no boots)
MR     .....                    b - amulet of the gourmand
Stlth  ..........               (no ring)
                                h - ring of stealth

@: slowed, very slow, not resistant to hostile enchantments, extremely
unstealthy
A: hooves 2, rugged brown scales 1, magic shield
a: Depart the Abyss, Bend Space, Renounce Religion


You were on level 4 of the Dungeon.
You worshipped Lugonu.
Lugonu was pleased with you.
You were very full.

You visited 1 branch of the dungeon, and saw 5 of its levels.
You visited the Abyss 1 time.

You collected 177 gold pieces.

Inventory:

Hand Weapons
 a - a +1 mace (weapon)
 t - a +0 short sword of venom
Missiles
 u - 22 poisoned needles
Armour
 l - a +0 robe of magic resistance
 o - a +0 ring mail
 s - a +0 chain mail (worn)
Jewellery
 b - an amulet of the gourmand (around neck)
 h - a ring of stealth (left hand)
 v - an uncursed amulet of faith {unknown}
 B - an uncursed ring of stealth
 C - an uncursed ring of protection from magic {unknown}
Scrolls
 g - 2 scrolls of remove curse {unknown}
 i - a scroll of teleportation {unknown}
 j - 2 scrolls of blinking {unknown}
 k - 2 scrolls of fear {unknown}
 n - 2 scrolls of random uselessness {unknown}
 q - a scroll of immolation {unknown}
 w - a scroll of noise {unknown}
 y - 2 scrolls of fog {unknown}
Potions
 d - a potion of brilliance {unknown}
 e - 4 potions of flight {unknown}
 f - 2 potions of lignification {unknown}
 m - a potion of curing {unknown}
 z - a potion of cancellation {unknown}
Comestibles
 c - 2 bread rations
 p - 3 fruits
 r - a royal jelly
 x - a meat ration
 A - 4 chunks of flesh


   Skills:
 + Level 3.9 Fighting
 + Level 3.1 Maces & Flails
 + Level 2.6 Armour
 + Level 2.4 Dodging
 + Level 0.2 Stealth
 + Level 2.5 Invocations


You had 4 spell levels left.
You didn't know any spells.

Dungeon Overview and Level Annotations

Branches:
Dungeon (5/15)
 Temple: D:4-7

Altars:
Elyvilon
Fedhas
Kikubaaqudgha
Pakellas
Trog
Xom

Annotations:
D:4 Natasha
D:5 Edmund


Innate Abilities, Weirdness & Mutations

You have hoof-like feet.
You are partially covered in rugged brown scales (AC +1, +3% HP).
When hurt, damage is shared between your health and your magic reserves.


Message History

Natasha claws you.
* * * LOW HITPOINT WARNING * * *
Natasha claws you but does no damage.
You barely miss Natasha.
Natasha is moderately wounded.
Natasha barely misses you. Natasha claws you but does no damage.
You hit Natasha.
Natasha is heavily wounded.
Natasha howls an incantation.
Natasha shimmers violently.
Natasha claws you.
* * * LOW HITPOINT WARNING * * *
Edmund drinks a potion.
Edmund suddenly seems more resistant.
Natasha claws you but does no damage.
You feel yourself speed up. Natasha claws you but does no damage.
Natasha casts a spell at you.
You feel yourself slow down.
You climb upwards.
The ogre hits you with a giant club.
You die...

...######.### #.......#
#.......# ##.......#
#........#
####........# ####
#...........#
....###..####.h#####
#### #.....## ##@.#....
...####.##..# #.O...#
##......##รท.###.##..#
##....?.##..........#
.!>#..........#.....#
...................5#
####........##.........
.###..............#.#)#
..................#.# #


You could see an ogre, Natasha and a white imp.

Vanquished Creatures
  A centaur zombie (D:3)
  A worker ant (D:2)
  7 adders
  An ooze (D:2)
  An adder skeleton (D:4)
  A dart slug (D:1)
  2 giant geckos (D:1)
  4 giant cockroaches
  7 goblins
  7 hobgoblins
  2 jackals (D:3)
  A quokka (D:2)
  A ball python (D:2)
  6 bats
  3 giant newts
  11 kobolds
  7 rats
63 creatures vanquished.

Notes
Turn   | Place    | Note
--------------------------------------------------------------
     0 | Abyss:1  | stepppan the Demonspawn Abyssal Knight began the quest for the Orb.
     0 | Abyss:1  | Reached XP level 1. HP: 18/18 MP: 2/2
    23 | Abyss:1  | Found a corrupted altar of Lugonu.
    30 | D:1      | Escaped the Abyss
   214 | D:1      | Reached skill level 1 in Dodging
   334 | D:1      | Gained mutation: You have large cloven feet. [demonic ancestry]
   334 | D:1      | Reached XP level 2. HP: 11/24 MP: 3/3
  1144 | D:2      | Found a white marble altar of Elyvilon.
  1233 | D:2      | Gained mutation: You have hoof-like feet. [demonic ancestry]
  1233 | D:2      | Reached XP level 3. HP: 29/29 MP: 4/4
  1235 | D:2      | Reached ** piety under Lugonu
  1545 | D:2      | Found an ancient bone altar of Kikubaaqudgha.
  1862 | D:3      | Gained mutation: You are partially covered in rugged brown scales (AC +1, +3% HP). [demonic ancestry]
  1862 | D:3      | Reached XP level 4. HP: 18/38 MP: 5/5
  2099 | D:3      | Found a bloodstained altar of Trog.
  2400 | D:2      | Gained mutation: When hurt, damage is shared between your health and your magic reserves. [demonic ancestry]
  2400 | D:2      | Reached XP level 5. HP: 7/43 MP: 6/6
  2673 | D:3      | Found a faded altar to an unknown god.
  2798 | D:3      | Found a shimmering altar of Xom.
  2803 | D:3      | Found an oddly glowing altar of Pakellas.
  2946 | D:3      | Found a blossoming altar of Fedhas.
  3239 | D:4      | Noticed an ogre
  3240 | D:4      | Noticed Natasha
  3290 | D:4      | HP: 2/43 [Natasha (2)]
  3291 | D:5      | Entered Level 5 of the Dungeon
  3291 | D:5      | Noticed Edmund
  3296 | D:4      | Slain by an ogre

Skill      XL: |  1  2  3  4  5 |
---------------+----------------+-----
Dodging        | 1 2 |  2.4
Maces & Flails | 2 3 |  3.1
Armour         | 2 |  2.6
Fighting       | |  3.9
Stealth        | |  0.2
Invocations    | |  2.5

Action                   |  1- 3 |  4- 6 || total
-------------------------+-------+-------++-------
Melee: Mace              |   129 |   118 ||   247
       Kick              |    15 |    27 ||    42
 Stab: Sleeping          |     1 |       ||     1
  Eat: Chunk             |    13 |     9 ||    22
Armor: Leather armour    |     4 |       ||     4
       Ring mail         |    27 |       ||    27
       Robe              |     3 |       ||     3
       Chain mail        |    33 |   113 ||   146
Dodge: Dodged            |    90 |    46 ||   136
